 Dungeon Crawl Stone Soup version 0.25-a0-1007-g10a8c3caa8 (webtiles) character file.

Game seed: 1530676099798585613, levelgen mode: deterministic

1580 kae the Frost Mage (level 8, 0/52 HPs)
             Began as a Merfolk Ice Elementalist on May 11, 2020.
             Was an Initiate of Okawaru.
             Slain by a wyvern skeleton (9 damage)
             ... on level 6 of the Dungeon.
             The game lasted 00:08:31 (7935 turns).

kae the Frost Mage (Merfolk Ice Elementalist)       Turns: 7935, Time: 00:08:31

Health: 0/52       AC:  4    Str: 10    XL:     8   Next: 91%
Magic:  24/25      EV: 13    Int: 14    God:    Okawaru [......]
Gold:   176        SH:  0    Dex: 15    Spells: 13/17 levels left

rFire    x . .     SeeInvis .   p - +0 scythe
rCold    + . .     Gourm    .   (shield currently unavailable)
rNeg     . . .     Faith    .   a - +1 robe
rPois    +         Spirit   .   (no helmet)
rElec    .         Reflect  .   r - +0 cloak {rPois}
rCorr    .         Harm     .   (no gloves)
MR       .....                  (no boots)
Stlth    ++........             (no amulet)
HPRegen  0.17/turn              i - ring of magical power
MPRegen  0.19/turn              l - ring of ice

@: no status effects
A: change form in water, swift swim, stealthy swim
a: Renounce Religion


You were on level 6 of the Dungeon.
You worshipped Okawaru.
Okawaru was noncommittal.
You were near starving.

You visited 2 branches of the dungeon, and saw 7 of its levels.

You collected 176 gold pieces.

Inventory:

Hand Weapons
 h - a +0 trident
 p - a +0 scythe (weapon)
Armour
 a - a +1 robe (worn)
 d - a scarf of spirit shield
 r - a +0 cloak of poison resistance (worn)
Jewellery
 i - a ring of magical power (left hand)
 l - a ring of ice (right hand)
Wands
 k - a wand of flame (10)
 o - a wand of paralysis (12)
Scrolls
 b - a scroll of fear
 f - 4 scrolls of enchant armour
 g - 3 scrolls of teleportation
 j - a scroll of identify
 n - 3 scrolls of remove curse
 q - 2 scrolls of noise {unknown}
 t - a scroll of blinking {unknown}
Potions
 e - 2 potions of flight
 m - a potion of brilliance
 s - 2 potions of berserk rage {unknown}
Comestibles
 c - 4 rations


   Skills:
 + Level 6.9 Polearms
 - Level 2.6 Dodging
 - Level 2.1 Stealth
 + Level 5.4 Spellcasting
 * Level 9.7 Ice Magic


You had 13 spell levels left.
You knew the following spells:

 Your Spells              Type           Power        Failure   Level  Hunger
a - Freeze                Ice            ####         1%          1    None
b - Frozen Ramparts       Ice            #####.       1%          3    ###....

Your spell library contained the following spells:

 Spells                   Type           Power        Failure   Level  Hunger
 Ozocubu's Armour         Chrm/Ice       ####....     7%          3    ###....
 Hailstorm                Conj/Ice       ####....     22%         4    ####...
 Summon Ice Beast         Ice/Summ       ####....     22%         4    ####...
 Confusing Touch          Hex            #.......     45%         3    ###....
 Gell's Gravitas          Tloc           #.........   45%         3    ###....
 Metabolic Englaciation   Hex/Ice        ####......   54%         5    ######.
 Petrify                  Tmut/Erth      #.......     86%         4    ####...
 Yara's Violent Unravell  Hex/Tmut       #.........   99%         5    ######.


Dungeon Overview and Level Annotations

Branches:
Dungeon (6/15)             Temple (1/1) D:5

Altars:
Ashenzari
Cheibriados
Dithmenos
Elyvilon
Fedhas
Gozag
Hepliaklqana
Kikubaaqudgha
Makhleb
Nemelex Xobeh
Okawaru
Qazlal
Ru
Sif Muna
Trog
Uskayaw
Vehumet
Wu Jian
Xom
Yredelemnul
Zin
The Shining One

Shops:
D:4 *

Annotations:
D:1 exclusion: gnoll


Message History

* * * LOW HITPOINT WARNING * * *
The wyvern skeleton completely resists.
The wall freezes the wyvern skeleton but do no damage.
The wyvern skeleton barely misses you.
You hit the wyvern skeleton.
The wyvern skeleton is severely damaged.
The wyvern skeleton resists.
The wall freezes the wyvern skeleton.
The wyvern skeleton bites you but does no damage.
The wyvern skeleton resists.
The wall freezes the wyvern skeleton.
The wyvern skeleton misses you.
You barely miss the wyvern skeleton.
The wyvern skeleton is severely damaged.
The wyvern skeleton completely resists.
The wall freezes the wyvern skeleton but do no damage.
The wyvern skeleton barely misses you.
The wyvern skeleton resists.
The wall freezes the wyvern skeleton.
The wyvern skeleton barely misses you.
You hit the wyvern skeleton.
The wyvern skeleton is almost destroyed.
The frozen ramparts melt away.
The wyvern skeleton bites you!
You die...

...............#..........#
...............#'###......#
...........<.......##+##..#
.......................#..#
....##+##+#####........#..#
....# #.....#........#..#
..).# #.....#####....#..#
..).# #.........#....#
^.))# #.....##@.#....#
....#####.....##.Z# ##
........#...........
........#.............
........#.....######...#
........#.....# ...#
........#.....# ..#
........'.....# .#
........#.....+


You could see a wyvern skeleton.

Vanquished Creatures
  Sigmund (D:3)
  Menkaure (D:4)
  2 orc warriors (D:6)
  A phantom (D:6)
  An ogre (D:5)
  A bullfrog (D:6)
  A hound (D:5)
  4 jellies
  A bullfrog skeleton (D:5)
  3 orc priests
  Crazy Yiuf (D:5)
  2 centaur skeletons (D:4)
  2 iguanas
  5 orc wizards
  4 worker ants
  A hound skeleton (D:4)
  A worker ant zombie (D:6)
  A howler monkey skeleton (D:4)
  10 adders
  An adder skeleton (D:4)
  4 worms
  3 dart slugs
  5 leopard geckos
  23 orcs
  2 giant cockroaches
  11 goblins
  8 hobgoblins
  3 jackals
  A quokka (D:6)
  2 ball pythons
  6 bats
  5 frilled lizards
  6 kobolds
  7 rats
130 creatures vanquished.

Notes
Turn   | Place    | Note
-------+----------+-------------------------------------------
     0 | D:1      | kae the Merfolk Ice Elementalist began the quest for the
                  | Orb.
     0 | D:1      | Reached XP level 1. HP: 13/13 MP: 3/3
   396 | D:1      | Reached XP level 2. HP: 19/19 MP: 3/5
   731 | D:1      | Reached skill level 5 in Ice Magic
   864 | D:1      | Reached XP level 3. HP: 24/24 MP: 2/6
  2644 | D:2      | Reached XP level 4. HP: 30/30 MP: 3/8
  2870 | D:2      | Found a shadowy altar of Dithmenos.
  3344 | D:3      | Noticed Sigmund
  3394 | D:3      | Reached skill level 6 in Ice Magic
  3569 | D:3      | Reached XP level 5. HP: 32/35 MP: 9/9
  3869 | D:3      | Learned a level 3 spell: Frozen Ramparts
  3906 | D:3      | Reached skill level 1 in Polearms
  4139 | D:3      | Killed Sigmund
  4139 | D:3      | Reached XP level 6. HP: 15/41 MP: 6/11
  4631 | D:4      | Reached skill level 7 in Ice Magic
  4850 | D:4      | Reached XP level 7. HP: 24/46 MP: 7/12
  5058 | D:4      | Noticed Menkaure
  5071 | D:4      | Killed Menkaure
  5267 | D:4      | Found a radiant altar of Vehumet.
  5293 | D:4      | Reached skill level 8 in Ice Magic
  5653 | D:4      | Found Zuros's General Store.
  5732 | D:5      | Entered Level 5 of the Dungeon
  5807 | D:5      | Reached skill level 5 in Polearms
  5807 | D:5      | Reached XP level 8. HP: 41/52 MP: 14/14
  6164 | D:5      | Found a runed translucent door.
  6165 | D:5      | Noticed Crazy Yiuf
  6212 | D:5      | Found a staircase to the Ecumenical Temple.
  6386 | Temple   | Entered the Ecumenical Temple
  6530 | Temple   | Became a worshipper of Warmaster Okawaru
  6706 | D:5      | Killed Crazy Yiuf
  6853 | D:6      | Reached skill level 5 in Spellcasting
  6853 | D:6      | Reached skill level 9 in Ice Magic
  7233 | D:6      | Found a glowing silver altar of Zin.
  7233 | D:6      | Found a sacrificial altar of Ru.
  7234 | D:6      | Found a basalt altar of Yredelemnul.
  7234 | D:6      | Found a shimmering altar of Xom.
  7509 | D:6      | Reached * piety under Okawaru
  7935 | D:6      | Slain by a wyvern skeleton

Illustrated notes

Levels and vault maps discovered:
D:1:      evilmike_arrival_fibonacci_small, layout_loops_ring,
          minmay_close_crescents
D:2:      layout_basic, overflow_temple_1_default, grunt_ministairs_10
D:3:      layout_rooms, uniq_sigmund
D:4:      layout_rooms, vehumet_altar_wand_db, serial_shops,
          kennysheep_little_box, first_ration, grunt_ministairs_1, st_stairs_8,
          grunt_tough_drop, uniq_menkaure
D:5:      layout_basic, minmay_temple_entry_ruins, serial_bayou_lagoon_a,
          uniq_crazy_yiuf_cottage
D:6:      layout_gridville, grunt_temple_overflow_open
Temple:   regret_index_temple_sphere_string

Skill      XL: |  1  2  3  4  5  6  7  8 |
---------------+-------------------------+-----
Ice Magic      | 5 6 7 8 9 |  9.7
Spellcasting   | 3 4 5 |  5.4
Polearms       | 2 3 5 6 |  6.9
Dodging        | |  2.6
Stealth        | |  2.1

Action                   |  1- 3 |  4- 6 |  7- 9 || total
-------------------------+-------+-------+-------++-------
Melee: Unarmed           |    32 |     1 |       ||    33
       Trident           |       |    18 |       ||    18
       Scythe            |       |     5 |    69 ||    74
 Cast: Freeze            |    66 |    70 |    59 ||   195
       Frozen Ramparts   |       |     2 |     8 ||    10
  Use: Scroll            |     3 |     4 |       ||     7
       Potion            |       |       |     8 ||     8
 Stab: Sleeping          |     1 |       |     6 ||     7
  Eat: Chunk             |     3 |     7 |     5 ||    15
       Ration            |     1 |       |     1 ||     2
Armor: Robe              |    10 |    10 |    20 ||    40
Dodge: Dodged            |    49 |    61 |    83 ||   193

Table legend:
 A = Non-vault XP
 B = Vault XP
 C = Vault XP percentage of total XP
 D = Non-vault monster count
 E = Vault monster count
 F = Vault count percentage of total count
                 A         B        C        D         E       F
            +---------+---------+-------+---------+---------+-------
      Total |    1779 |     479 |  21.2 |     116 |      14 |  10.8
            +---------+---------+-------+---------+---------+-------
        D:1 |      34 |      26 |  43.3 |      21 |       6 |  22.2
        D:2 |      60 |       0 |   0.0 |      18 |       0 |   0.0
        D:3 |      90 |     215 |  70.5 |      23 |       2 |   8.0
        D:4 |     429 |     201 |  31.9 |      22 |       5 |  18.5
        D:5 |     475 |      37 |   7.2 |      17 |       1 |   5.6
        D:6 |     691 |       0 |   0.0 |      15 |       0 |   0.0
            +---------+---------+-------+---------+---------+-------
